 Dungeon Crawl Stone Soup version 0.13-a0-1672-g2e244fd (webtiles) character file.

11825 Root the Thaumaturge (level 11, -1/54 HPs)
             Began as a Deep Elf Conjurer on June 19, 2013.
             Was a Priest of Vehumet.
             Slain by a komodo dragon (23 damage)
             ... on Level 1 of the Lair of Beasts.
             The game lasted 00:39:12 (10419 turns).

Root the Thaumaturge (Deep Elf Conjurer)           Turns: 10419, Time: 00:39:12

HP  -1/54        AC  8     Str  9      XL: 11   Next: 46%
MP  19/33        EV 13     Int 21      God: Vehumet [***...]
Gold 604         SH  0     Dex 15      Spells:  5 memorised, 20 levels left

Res.Fire  : + . .   See Invis. : .   t - staff of conjuration
Res.Cold  : + + +   Warding    : .   v - +2 robe {rF+}
Life Prot.: + . .   Conserve   : .   (no shield)
Res.Poison: .       Res.Corr.  : .   a - +1 dwarf helmet
Res.Elec. : .       Clarity    : +   (no cloak)
Sust.Abil.: . .     Spirit.Shd : .   H - +0 pair of dwarf gloves
Res.Mut.  : .       Stasis     : .   o - +0 pair of boots
Res.Rott. : .       Flight     : .   j - amulet "Farr" {Clar rC+ Str+1}
Saprovore : . . .                    w - cursed ring "Thuigo" {Wiz rC++ Acc+4 Stlth n - ring of life protection

@: somewhat resistant to hostile enchantments, quite stealthy
A: no striking features
a: Renounce Religion


You were on level 1 of the Lair of Beasts.
You worshipped Vehumet.
Vehumet was greatly pleased with you.
You were very hungry.

You visited 3 branches of the dungeon, and saw 12 of its levels.

You collected 584 gold pieces.

Inventory:

Hand weapons
 F - a +3,+2 dagger of distortion (quivered)
Armour
 a - a +1 dwarven helmet (worn)
 o - a +0 pair of boots (worn)
 v - a +2 robe of fire resistance (worn)
 G - a +1 robe of magic resistance
 H - a +0 pair of dwarven gloves (worn)
Magical devices
 r - a wand of lightning (4)
 y - a wand of frost (16)
 A - a wand of fire (4)
 D - a wand of teleportation (0) {unknown}
 O - a wand of cold (9)
Comestibles
 b - 4 bread rations
 q - an orange
 s - a beef jerky
 x - a choko
Scrolls
 e - a scroll of magic mapping
 g - 6 scrolls of identify
 h - 4 scrolls of enchant weapon I
 i - 3 scrolls of remove curse
 m - a scroll of fog
 u - a scroll of enchant weapon II
 E - 2 scrolls of teleportation
 K - a scroll of amnesia
Jewellery
 j - the amulet "Farr" (around neck) {Clar rC+ Str+1}
   (You found it on level 8 of the Dungeon)

   [amulet of clarity]

   It affects your strength (+1).
   It protects you from cold.
 n - a ring of life protection (left hand)
 w - the cursed ring "Thuigo" (right hand) {Wiz rC++ Acc+4 Stlth++}
   (You found it on level 5 of the Dungeon)

   [ring of wizardry]

   It affects your accuracy (+4).
   It greatly protects you from cold.
   It makes you much more stealthy.
   It has a curse placed upon it.
 L - an uncursed ring of life protection
Potions
 d - 8 potions of curing {unknown}
 f - 5 potions of heal wounds
 l - 3 potions of might {unknown}
 p - 3 potions of brilliance {unknown}
Books
 c - a book of Conjurations

   Spells                             Type                      Level
   *Magic Dart                        Conjuration                  1
   Force Lance                        Conjuration                  2
   Dazzling Spray                     Conjuration/Hexes            3
   *Iskenderun's Mystic Blast         Conjuration                  4
   *Iskenderun's Battlesphere         Conjuration/Charms           4
   Fulminant Prism                    Conjuration/Hexes            5
 C - a book of the Tempests

   Spells                             Type                      Level
   Static Discharge                   Conjuration/Air              3
   Lightning Bolt                     Conjuration/Air              5
   *Fireball                          Conjuration/Fire             5
   Tornado                            Air                          9
   Shatter                            Earth                        9
 M - a book of the Earth

   Spells                             Type                      Level
   Dig                                Earth                        4
   Leda's Liquefaction                Hexes/Earth                  4
   Bolt of Magma                      Conjuration/Fire/Earth       5
   Statue Form                        Transmutation/Earth          6
   Iron Shot                          Conjuration/Earth            6
   Shatter                            Earth                        9
Magical staves
 t - an uncursed staff of conjuration (weapon)
 J - an uncursed staff of power


   Skills:
 - Level 2.4 Dodging
 - Level 2.4 Stealth
 - Level 13.0 Spellcasting
 - Level 13.0 Conjurations
 - Level 2.0 Charms
 * Level 11.1 Fire Magic


You had 20 spell levels left.
You knew the following spells:

 Your Spells              Type           Power        Failure   Level  Hunger
a - Magic Dart            Conj           ####         1%          1    None
b - Iskenderun's Mystic   Conj           #######.     1%          4    None
c - Iskenderun's Battles  Conj/Chrm      ######..     1%          4    None
d - Fireball              Conj/Fire      #######...   1%          5    ###....
e - Throw Flame           Conj/Fire      ######       1%          2    None


Dungeon Overview and Level Annotations

Branches:
Dungeon (10/27)            Temple (1/1) D:6             Orc (0/4) D:7
   Lair (1/8) D:10

Altars:
Ashenzari
Cheibriados
Elyvilon
Fedhas
Kikubaaqudgha
Makhleb
Nemelex Xobeh
Okawaru
Sif Muna
Trog
Vehumet
Xom
Yredelemnul
Zin
the Shining One


Message History

Press: ? - help, Shift-Dir - straight line, f/p - yak
Aim: a yak (almost dead)
Okay, then.
Casting: Throw Flame
Confirm with . or Enter, or press ? or * to list all spells.
Aiming: Iskenderun's Mystic Blast
Press: ? - help, Shift-Dir - straight line, f - komodo dragon, p - yak
Aim: a komodo dragon You feel a surge of power!
The orb of energy hits the komodo dragon.
The komodo dragon is heavily wounded.
The orb of energy explodes!
The mystic blast hits the yak.
You kill the yak!
Vehumet accepts your kill.
You feel your power returning.
Your battlesphere fires!
The barrage of energy hits the komodo dragon.
The komodo dragon is heavily wounded.
The komodo dragon bites you!
You die...

.P..........#
##.(...%...#
#......%...##
#..#..........#
#....%...*.#
##.........#
#........###
#...##.%l..##
$.# ##.@###
####


You could see a komodo dragon.

Vanquished Creatures
  Erica (D:10)
  Erolcha (D:10)
  An unseen horror (D:9)
  A hill giant (D:10)
  Pikel (D:9)
  Joseph (D:8)
  Psyche (D:10)
  A hill giant zombie (D:10)
  Prince Ribbit (D:8)
  A troll (D:8)
  A two-headed ogre (D:10)
  Eustachio (D:7)
  10 yaks
  A hungry ghost (D:10)
  A wyvern (D:8)
  A hippogriff (D:7)
  2 necrophages
  4 sky beasts
  3 ice beasts
  4 orc warriors
  A slave (D:9)
  3 phantoms
  A yellow wasp (D:8)
  2 black bears (D:4)
  4 ogres
  6 centaurs
  A centaur zombie (D:10)
  A crocodile (D:5)
  2 giant frogs
  A giant frog skeleton (D:8)
  4 killer bees (D:10)
  An eye of draining (D:8)
  3 hounds
  An ogre skeleton (D:6)
  An ogre zombie (D:8)
  8 crimson imps
  A quasit (D:6)
  6 orc priests
  8 orc wizards
  4 iguanas
  2 hound skeletons (D:10)
  4 scorpions
  4 worker ants
  Jessica (D:2)
  7 jellies
  10 adders
  7 gnolls
  A giant centipede (Lair:1)
  An adder skeleton (D:4)
  An iguana skeleton (D:9)
  A giant mite (D:6)
  An inept feature mimic (D:9)
  An inept item mimic (D:9)
  6 worms
  A giant eyeball (D:5)
  An ooze (D:1)
  21 orcs
  2 ball pythons
  2 giant cockroaches
  11 goblins
  11 hobgoblins
  8 jackals
  15 kobolds
  12 bats
  12 giant geckos
  A giant gecko skeleton (D:6)
  5 giant newts
  A hobgoblin zombie (D:6)
  A jackal skeleton (D:9)
  An orc zombie (D:9)
  3 quokkas
  17 rats
  A rat zombie (D:5)
270 creatures vanquished.

Vanquished Creatures (others)
  2 rats
2 creatures vanquished.

Grand Total: 272 creatures vanquished

Notes
Turn   | Place    | Note
--------------------------------------------------------------
     0 | D:1      | Root, the Deep Elf Conjurer, began the quest for the Orb.
     0 | D:1      | Reached XP level 1. HP: 10/10 MP: 4/4
   467 | D:1      | Reached XP level 2. HP: 15/15 MP: 5/7
  1044 | D:2      | Reached XP level 3. HP: 19/19 MP: 7/10
  1172 | D:2      | Reached skill level 5 in Conjurations
  1195 | D:2      | Noticed Jessica
  1201 | D:2      | Killed Jessica
  1462 | D:2      | Reached XP level 4. HP: 12/24 MP: 7/14
  1593 | D:2      | Learned a level 4 spell: Iskenderun's Mystic Blast
  1598 | D:2      | Learned a level 4 spell: Iskenderun's Battlesphere
  2172 | D:3      | Reached skill level 1 in Charms
  2721 | D:4      | Reached XP level 5. HP: 28/28 MP: 12/18
  2744 | D:4      | Reached skill level 5 in Spellcasting
  2983 | D:4      | Found a sparkling altar of Nemelex Xobeh.
  2984 | D:4      | Noticed an ice beast
  2989 | D:4      | Killed an ice beast
  2989 | D:4      | Reached skill level 6 in Conjurations
  2989 | D:4      | Reached XP level 6. HP: 32/32 MP: 12/20
  3068 | D:4      | Noticed a black bear
  3071 | D:4      | Noticed a black bear
  3071 | D:4      | Killed a black bear
  3073 | D:4      | Killed a black bear
  3074 | D:4      | Found a bloodstained altar of Trog.
  3299 | D:4      | Reached skill level 7 in Conjurations
  3300 | D:4      | Reached XP level 7. HP: 16/36 MP: 12/23
  3436 | D:4      | Noticed an ogre
  3441 | D:4      | Killed an ogre
  3707 | D:5      | Entered Level 5 of the Dungeon
  3759 | D:5      | Got a glittering ivory ring
  3768 | D:5      | Identified the ring "Thuigo" {Wiz rC++ Acc+4 Stlth++} (You found it on level 5 of the Dungeon)
  4093 | D:5      | Reached skill level 8 in Spellcasting
  4132 | D:5      | Learned a level 5 spell: Fireball
  4351 | D:5      | Reached XP level 8. HP: 41/41 MP: 19/26
  4513 | D:6      | Found a glowing silver altar of Zin.
  4834 | D:6      | Reached skill level 9 in Spellcasting
  4895 | D:6      | Found a staircase to the Ecumenical Temple.
  4918 | Temple   | Entered the Ecumenical Temple
  4961 | Temple   | Became a worshipper of Vehumet
  5501 | D:6      | Reached skill level 10 in Spellcasting
  5838 | D:7      | Found a glowing golden altar of the Shining One.
  5875 | D:7      | Found a snail-covered altar of Cheibriados.
  5937 | D:7      | Reached XP level 9. HP: 45/45 MP: 24/29
  6014 | D:7      | Acquired Vehumet's first power
  6014 | D:7      | Offered knowledge of Sandblast by Vehumet.
  6126 | D:7      | Found a burning altar of Makhleb.
  6162 | D:7      | Found a staircase to the Orcish Mines.
  6180 | D:7      | Reached skill level 11 in Spellcasting
  6183 | D:7      | Noticed Eustachio
  6187 | D:7      | Killed Eustachio
  6187 | D:7      | Reached skill level 10 in Conjurations
  6375 | D:8      | Noticed Prince Ribbit
  6591 | D:8      | Killed Prince Ribbit
  6678 | D:8      | Reached skill level 12 in Spellcasting
  7107 | D:8      | Reached XP level 10. HP: 50/50 MP: 23/31
  7131 | D:8      | Offered knowledge of Throw Flame by Vehumet.
  7135 | D:8      | Learned a level 2 spell: Throw Flame
  7244 | D:8      | Noticed Joseph
  7250 | D:8      | Killed Joseph
  7440 | D:8      | Identified a scroll of acquirement
  7697 | D:8      | Got a faintly glowing crystal amulet
  7699 | D:8      | Identified the amulet "Farr" {Clar rC+ Str+1} (You found it on level 8 of the Dungeon)
  7896 | D:9      | Found a shattered altar of Ashenzari.
  8318 | D:9      | Found a shimmering altar of Xom.
  8372 | D:9      | Reached skill level 13 in Spellcasting
  8565 | D:9      | Offered knowledge of Inner Flame by Vehumet.
  8636 | D:9      | Noticed Pikel
  8639 | D:9      | Killed Pikel
  8639 | D:9      | Reached skill level 5 in Fire Magic
  8878 | D:9      | Killed an unseen horror
  9130 | D:10     | Entered Level 10 of the Dungeon
  9490 | D:10     | Noticed Erica
  9495 | D:10     | Killed Erica
  9495 | D:10     | Reached XP level 11. HP: 36/54 MP: 20/33
  9534 | D:10     | Noticed Erolcha
  9541 | D:10     | Acquired Vehumet's second power
  9544 | D:10     | Killed Erolcha
  9546 | D:10     | Noticed Psyche
  9770 | D:10     | Found a staircase to the Lair.
  9810 | D:10     | Killed Psyche
  9840 | D:10     | Noticed a hill giant
  9844 | D:10     | Killed a hill giant
  9844 | D:10     | Reached skill level 10 in Fire Magic
  9899 | D:10     | Offered knowledge of Mephitic Cloud by Vehumet.
 10274 | Lair:1   | Entered Level 1 of the Lair of Beasts
 10419 | Lair:1   | Slain by a komodo dragon

Action                   |  1- 3 |  4- 6 |  7- 9 | 10-12 || total
-------------------------+-------+-------+-------+-------++-------
Melee: Unarmed           |       |       |    50 |       ||    50
 Cast: Magic Dart        |    77 |    81 |   276 |    38 ||   472
       Iskenderun's Batt |       |     6 |    34 |    18 ||    58
       Fireball          |       |       |     3 |    24 ||    27
       Throw Flame       |       |       |       |   115 ||   115
       Iskenderun's Myst |       |       |       |    28 ||    28
Evoke: Wand              |       |       |     1 |     4 ||     5
  Use: Scroll            |       |       |     3 |    17 ||    20
       Potion            |       |       |       |    10 ||    10
